 Dungeon Crawl Stone Soup version 0.26.0-16-gc1dbca0489 (webtiles) character file.

Game seed: 3973030579190277596

80 hatsuma the Changer (level 4, -4/34 HPs)
             Began as a Gnoll Wanderer on Jan 21, 2021.
             Slain by Sigmund
             ... wielding a +0 scythe
              (14 damage)
             ... on level 2 of the Dungeon.
             The game lasted 00:07:30 (2141 turns).

hatsuma the Changer (Gnoll Wanderer)                Turns: 2141, Time: 00:07:30

Health: -4/34      AC:  3    Str: 15    XL:     4   Next: 39%
Magic:  6/8        EV: 12    Int: 13    God:
Gold:   51         SH:  0    Dex: 16    Spells: 6/9 levels left

rFire    . . .     SeeInvis .   a - +2 war axe (elec)
rCold    . . .     Faith    .   (no shield)
rNeg     . . .     Spirit   .   d - +0 robe
rPois    .         Reflect  .   (helmet currently unavailable)
rElec    .         Harm     .   (no cloak)
rCorr    .         Rampage  .   h - +0 pair of gloves
Will     .....                  (boots currently unavailable)
Stlth    +++.......             (no amulet)
HPRegen  0.11/turn              (no ring)
MPRegen  0.11/turn              (no ring)

@: appendages (expiring), wereblooded
A: distributed training, fangs 1, horns 2, talons 2, strong nose
a: End Transformation


You were on level 2 of the Dungeon.
You had grown temporary horns.
You had grown temporary talons.
You visited 1 branch of the dungeon, and saw 2 of its levels.

You collected 51 gold pieces.

Inventory:

Hand Weapons
 a - a +2 war axe of electrocution (weapon)
 b - a +0 hunting sling
 p - a +0 dagger
Missiles
 j - 54 arrows
 l - 57 stones (quivered)
 m - 70 bolts
Armour
 d - a +0 robe (worn)
 h - a +0 pair of gloves (worn)
 n - a +0 chain mail
Scrolls
 e - 2 scrolls of immolation {unknown}
 g - 2 scrolls of remove curse {unknown}
 i - a scroll of identify {unknown}
 k - a scroll of teleportation {unknown}
 q - a scroll of fog {unknown}
Potions
 c - 2 potions of lignification
 f - a potion of resistance {unknown}
 o - a potion of curing


   Skills:
 + Level 2.7 Fighting
 + Level 1.1 Short Blades
 + Level 1.1 Long Blades
 + Level 1.1 Axes
 + Level 1.1 Maces & Flails
 + Level 1.1 Polearms
 + Level 1.1 Staves
 + Level 1.1 Slings
 + Level 1.1 Bows
 + Level 1.1 Crossbows
 + Level 1.1 Throwing
 + Level 1.1 Armour
 + Level 1.1 Dodging
 + Level 4.2 Stealth
 + Level 4.6 Shields
 + Level 1.1 Unarmed Combat
 + Level 3.0 Spellcasting
 + Level 0.9 Conjurations
 + Level 0.9 Hexes
 + Level 0.9 Summonings
 + Level 0.9 Necromancy
 + Level 0.9 Translocations
 + Level 7.1 Transmutations
 + Level 0.9 Fire Magic
 + Level 0.9 Ice Magic
 + Level 0.9 Air Magic
 + Level 0.9 Earth Magic
 + Level 0.9 Poison Magic
 + Level 1.2 Invocations
 + Level 1.1 Evocations


You had 6 spell levels left.
You knew the following spells:

 Your Spells              Type           Power        Failure   Level
a - Beastly Appendage     Tmut           40%          1%          1
b - Wereblood             Tmut           20%          1%          2

Your spell library contained the following spells:

 Spells                   Type           Power        Failure   Level
 Spider Form              Tmut/Pois      6%           13%         3
 Blade Hands              Tmut           10%          34%         5
 Ice Form                 Ice/Tmut       12%          41%         4


Dungeon Overview and Level Annotations

Branches:
Dungeon (2/15)

Altars:

Annotations:
D:2 Sigmund


Innate Abilities, Weirdness & Mutations

Your experience applies equally to all skills.
You have very sharp teeth.
Your uncanny sense of smell can sniff out nearby items.
You have a pair of horns on your head.
You have razor-sharp toenails.


Message History

Sigmund hits you from afar with a +0 scythe.
Casting: Wereblood (safe; 1% risk of failure)
Confirm with . or Enter, or press ? or * to list all spells.
You grow a pair of large bovine horns.
Your feet morph into talons.
Sigmund hits you with a +0 scythe.
You barely miss Sigmund. Your kick misses Sigmund.
Sigmund hits you with a +0 scythe.
You completely miss Sigmund. Sigmund hits you with a +0 scythe.
You slash Sigmund!
Sigmund is heavily wounded.
Sigmund points at himself and mumbles some strange words.
Sigmund flickers and vanishes!
Deactivating autopickup; reactivate with Ctrl-A.
You slash something! Your kick misses something.
Your transformation is almost over.
Something hits you.
You miss something. You headbutt something. Something hits you!
* * * LOW HITPOINT WARNING * * *
You barely miss something. Your kick misses something. Something hits you!
You die...

# #### . ##...
.##### ##...#
...... ....#####
.##.# #{......#
.##.# #@.# .##.#
#..#
.##.############..#
....#.............#
......##########.##
.###### #.# .# #..
.### ###. ...# .#


There were no monsters in sight!

Vanquished Creatures
  3 adders (D:2)
  2 worms (D:2)
  4 dart slugs
  A leopard gecko (D:2)
  2 giant cockroaches (D:1)
  5 goblins
  7 hobgoblins
  3 bats (D:1)
  3 frilled lizards
  6 kobolds
  4 rats
40 creatures vanquished.

Notes
Turn   | Place    | Note
-------+----------+-------------------------------------------
     0 | D:1      | hatsuma the Gnoll Wanderer began the quest for the Orb.
     0 | D:1      | hatsuma set off with the following items: a +0 dagger, a
                  | potion of curing, a potion of lignification, a +0 robe; and
                  | the following spell memorised: Beastly Appendage; and the
                  | following spells available to memorise: Wereblood, Spider
                  | Form, Ice Form, Blade Hands
     0 | D:1      | Reached XP level 1. HP: 17/17 MP: 4/4
    95 | D:1      | Reached XP level 2. HP: 22/23 MP: 5/5
   698 | D:1      | Reached XP level 3. HP: 27/28 MP: 7/7
   953 | D:1      | Learned a level 2 spell: Wereblood
  1308 | D:2      | Reached skill level 1 in Invocations
  1574 | D:2      | Reached skill level 1 in Short Blades
  1574 | D:2      | Reached skill level 1 in Long Blades
  1574 | D:2      | Reached skill level 1 in Axes
  1574 | D:2      | Reached skill level 1 in Maces & Flails
  1574 | D:2      | Reached skill level 1 in Polearms
  1574 | D:2      | Reached skill level 1 in Staves
  1574 | D:2      | Reached skill level 1 in Slings
  1574 | D:2      | Reached skill level 1 in Bows
  1574 | D:2      | Reached skill level 1 in Crossbows
  1574 | D:2      | Reached skill level 1 in Throwing
  1574 | D:2      | Reached skill level 1 in Armour
  1574 | D:2      | Reached skill level 1 in Dodging
  1574 | D:2      | Reached skill level 1 in Unarmed Combat
  1574 | D:2      | Reached skill level 1 in Evocations
  1762 | D:2      | Reached XP level 4. HP: 34/34 MP: 8/8
  2066 | D:2      | Noticed Sigmund
  2141 | D:2      | Slain by Sigmund

Illustrated notes

Levels and vault maps discovered:
D:1:      amcnicky_arrival_choice, layout_loops_ring
D:2:      layout_loops_ring, chequers_serial_rivers_marsh, hex_medium,
          uniq_sigmund

Skill      XL: |  1  2  3  4 |
---------------+-------------+-----
Invocations    | 1 |  1.2
Short Blades   | 1 |  1.1
Long Blades    | 1 |  1.1
Axes           | 1 |  1.1
Maces & Flails | 1 |  1.1
Polearms       | 1 |  1.1
Staves         | 1 |  1.1
Slings         | 1 |  1.1
Bows           | 1 |  1.1
Crossbows      | 1 |  1.1
Throwing       | 1 |  1.1
Armour         | 1 |  1.1
Dodging        | 1 |  1.1
Unarmed Combat | 1 |  1.1
Evocations     | 1 |  1.1
Spellcasting   | 3 |  3.0
Fighting       | |  2.7
Stealth        | |  4.2
Shields        | |  4.6
Conjurations   | |  0.9
Hexes          | |  0.9
Summonings     | |  0.9
Necromancy     | |  0.9
Translocations | |  0.9
Transmutations | |  7.1
Fire Magic     | |  0.9
Ice Magic      | |  0.9
Air Magic      | |  0.9
Earth Magic    | |  0.9
Poison Magic   | |  0.9

Action                   |  1- 3 |  4- 6 || total
-------------------------+-------+-------++-------
Melee: Dagger            |   107 |       ||   107
       Bite              |    18 |     2 ||    20
       Kick              |     8 |       ||     8
       Headbutt          |     1 |     1 ||     2
       War axe           |    10 |    24 ||    34
       Punch             |     2 |       ||     2
Throw: Stone             |     3 |       ||     3
 Cast: Beastly Appendage |     5 |     1 ||     6
       Wereblood         |     1 |     2 ||     3
 Stab: Sleeping          |     8 |       ||     8
Armor: Robe              |    14 |     6 ||    20
Dodge: Dodged            |    48 |    13 ||    61
